 Dungeon Crawl Stone Soup version 0.31-a0-1-g4198be8af4 (webtiles) character file.

Game seed: 3728600220612845264

192 qeuew the Covert (level 5, -1/28 HPs)
             Began as a Spriggan Delver on May 1, 2023.
             Was an Initiate of Makhleb.
             Succumbed to a scorpion's poison
             ... on level 5 of the Dungeon.
             The game lasted 00:01:31 (414 turns).

qeuew the Covert (Spriggan Delver)                   Turns: 414, Time: 00:01:32

Health: -1/28      AC:  2    Str:  8    XL:     5   Next: 42%
Magic:  6/6        EV: 19    Int: 11    God:    Makhleb [......]
Gold:   0          SH:  0    Dex: 19    Spells: 4/4 levels left

rFire   . . .        a - +0 short sword
rCold   . . .        (no shield)
rNeg    . . .        b - +0 robe
rPois   .            (helmet restricted)
rElec   .            (no cloak)
rCorr   .            (gloves unavailable)
SInv    +            (boots unavailable)
Will    .....        (no amulet)
Stlth   ++++         (no ring)
HPRegen 0.24/turn    (no ring)
MPRegen 0.10/turn

%: no passive effects
@: lethally poisoned (-1 -> -16), very quick
A: very small, no large weapons, unfitting armour, see invisible, speed 3
a: Renounce Religion


You were on level 5 of the Dungeon.
You worshipped Makhleb.
Makhleb was noncommittal.
You visited 1 branch of the dungeon, and saw 1 of its levels.

Inventory:

Hand Weapons
 a - a +0 short sword (weapon)
Armour
 b - a +0 robe (worn)
Wands
 g - a wand of digging (3)
Scrolls
 c - a scroll of fog
 d - a scroll of magic mapping
 e - a scroll of fear
Potions
 f - a potion of haste


   Skills:
 + Level 3.0 Fighting
 * Level 3.7 Short Blades
 + Level 3.7 Dodging
 * Level 8.5 Stealth
 + Level 0.1 Invocations
 + Level 2.2 Evocations


You had 4 spell levels left.
You didn't know any spells.
Your spell library was empty.

Dungeon Overview and Level Annotations

Branches:
Dungeon (5/15)
 Temple: D:4-7

Altars:
Makhleb
Qazlal
Trog


Innate Abilities, Weirdness & Mutations

You are very small and have problems with some larger weapons.
You are too small for most types of armour.
You have supernaturally acute eyesight. (SInv)
You cover ground extremely quickly. (Speed+++)


Message History

You punch the scorpion, but do no damage.
The scorpion is moderately wounded.
The scorpion stings you.
You are poisoned.
The scorpion poisons you!
You hit the scorpion.
The scorpion is heavily wounded.
You feel very sick. The scorpion stings you.
You are too injured to fight recklessly!
You are too injured to fight recklessly!
You are too injured to fight recklessly!
You are too injured to fight recklessly!
You are too injured to fight recklessly!
You are too injured to fight recklessly!
You are too injured to fight recklessly!
You are too injured to fight recklessly!
You are too injured to fight recklessly!
You are too injured to fight recklessly!
You are too injured to fight recklessly!
You are too injured to fight recklessly!
Unknown command.
Okay, then.
Okay, then.
You hit the scorpion but do no damage.
The scorpion is heavily wounded.
* * * LOW HITPOINT WARNING * * *
You feel sick. The scorpion stings you.
* * * LOW HITPOINT WARNING * * *
You are more poisoned.
The scorpion poisons you!
You barely miss the scorpion.
The scorpion is heavily wounded.
* * * LOW HITPOINT WARNING * * *
You feel very sick. The scorpion barely misses you.
Unknown command.
You hit the scorpion but do no damage.
The scorpion is heavily wounded.
You die...

.♣..♣......~# ...............+
..... ...............+ ....#
.....♣..♣......~# ....#
................~# [..)#
~..............~~# ....#
~~............~~## ....#
#~~.......s.)~~## ....#
#~~.....@..~~## ....#
#~~......~~#############
..#########~~~..~~~##)..........#
..........####''####..........#.#
#.#######.#.....##.#########.##.#
.........................# #.##.#
#.#######.###.####.#####.# #.##.#
.##........#.# #.#...#.# #.##.#
..#.####.#.#.# #.###.#.# #.##.#


You could see a scorpion.

Vanquished Creatures
  An ogre (D:5)
  A scorpion (D:5)
  A howler monkey (D:5)
  An ufetubus (D:5)
  An orc (D:5)
5 creatures vanquished.

Notes
Turn   | Place    | Note
-------+----------+-------------------------------------------
     0 | D:5      | qeuew the Spriggan Delver began the quest for the Orb.
     0 | D:5      | Reached XP level 1. HP: 11/11 MP: 2/2
    33 | D:5      | Noticed a scorpion
    52 | D:5      | Noticed a scorpion
    56 | D:5      | Killed a scorpion
    57 | D:5      | Reached skill level 1 in Evocations
    57 | D:5      | Reached XP level 2. HP: 16/16 MP: 3/3
    57 | D:5      | Reached XP level 3. HP: 19/19 MP: 4/4
    63 | D:5      | Noticed an ogre
    71 | D:5      | Killed an ogre
    72 | D:5      | Reached skill level 8 in Stealth
    72 | D:5      | Reached XP level 4. HP: 6/23 MP: 5/5
    72 | D:5      | Reached XP level 5. HP: 7/28 MP: 6/6
   258 | D:5      | Found a bloodstained altar of Trog.
   258 | D:5      | Found a burning altar of Makhleb.
   259 | D:5      | Found a stormy altar of Qazlal.
   268 | D:5      | Became a worshipper of Makhleb the Destroyer
   272 | D:5      | Noticed a black bear
   414 | D:5      | Succumbed to a scorpion's poison

Illustrated notes

Levels and vault maps discovered:
D:5:      layout_basic, chequers_temple_overflow_statue_of_worship,
          serial_shops, nicolae_square_shop, kennysheep_cross_room,
          nicolae_elevator_lobby_plus

Skill      XL: |  1  2  3  4  5 |
---------------+----------------+-----
Short Blades   | 3 |  3.7
Dodging        | 3 |  3.7
Evocations     | 1 2 |  2.2
Stealth        | 8 |  8.5
Fighting       | 3 |  3.0
Invocations    | |  0.1

Action                     |  1- 3 |  4- 6 || total
---------------------------+-------+-------++-------
  Melee: Short sword       |     5 |    30 ||    35
         Punch             |       |     1 ||     1
   Stab: Sleeping          |     3 |     1 ||     4
 Armour: Robe              |       |     4 ||     4
  Dodge: Dodged            |     1 |    44 ||    45

Table legend: (Time is in decaauts)
 A = Elapsed time spent in this place.
 B = Non-inter-level travel time spent in this place.
 C = Inter-level travel time spent in this place.
 D = Time resting spent in this place.
 E = Time spent auto-exploring this place.
 F = Levels seen in this place.
 G = Mean time per level.
                   A        B        C        D        E       F      G
               +--------+--------+--------+--------+--------+-----+--------+
         Total |    311 |    311 |      0 |      0 |    205 |   1 |  311.0 |
       Dungeon |    311 |    311 |      0 |      0 |    205 |   1 |  311.0 |
               +--------+--------+--------+--------+--------+-----+--------+

Top non-repeatable levels by time:
     D:5: 311 daAuts
